PHILADELPHIA vs VANCOUVER

Created - Thursday, February 22, 2018 at 08:41

Goals
1 2 3 T
PHILADELPHIA 0 2 3 5
VANCOUVER 1 1 1 3
Shots
1 2 3 T
PHILADELPHIA 9 12 12 33
VANCOUVER 7 6 15 28

1st period

1. VANCOUVER , Daniel Sedin 6 (Hampus Lindholm 19, Jonathan Huberdeau 26) at 9:12 (PP)

Penalties :
Daniel Sedin (VAN) for Hooking (Minor) at 1:56, Alex Pietrangelo (PHI) for Slashing (Minor) at 8:22, Chris Kunitz (VAN) for Tripping (Minor) at 9:42

2nd period

2. VANCOUVER , Nazem Kadri 24 (Michael Stone 14) at 0:46
3. PHILADELPHIA , Jamie Benn 22 (Adam McQuaid 5) at 5:13
4. PHILADELPHIA , Jake Gardiner 9 (Justin Braun 17, Jamie Benn 27) at 14:04 (PP)

Penalties :
Nazem Kadri (VAN) for Interference (Minor) at 1:37, Justin Abdelkader (VAN) for Roughing (Minor) at 12:36

3rd period

5. VANCOUVER , Chris Kunitz 6 (Justin Abdelkader 6, Michael Stone 15) at 1:35
6. PHILADELPHIA , Alex Pietrangelo 15 (Matt Duchene 25, Tyson Barrie 16) at 4:22 (PP)
7. PHILADELPHIA , Matt Duchene 16 (Alex Pietrangelo 31, Tyson Barrie 17) at 11:09 (PP)
8. PHILADELPHIA , Mike Ribeiro 5 (Jamie Benn 28, Adam McQuaid 6) at 18:54

Penalties :
Tyler Seguin (VAN) for Hooking (Minor) at 2:39, Jonathan Huberdeau (VAN) for Elbowing (Minor) at 9:40, Brett Connolly (PHI) for High sticking (Minor) at 12:03

Goalie Stats

Cory Schneider (PHI), 25 saves from 28 shots - (0.893), W, 23-26-2, 60:00 minutes
Casey DeSmith (VAN), 28 saves from 33 shots - (0.848), L, 0-2-0, 60:00 minutes

Players Stats for PHILADELPHIA

Player Name              G  A  P  +/- PIM S  H  SB GA TA FO     MP     PP MP  PK MP  
------------------------------------------------------------------------------------
Adam Erne                0  0  0   0  0   0  2  0  0  0  1/7     5:50   0:20   0:00 
Adam McQuaid             0  2  2   2  0   2  2  2  0  0  0/0    15:50   0:20   0:30 
Alex Pietrangelo         1  1  2   0  2   4  4  0  0  0  0/0    25:01   5:11   1:27 
Andreas Johnsson         0  0  0   0  0   0  0  0  0  0  0/0     0:00   0:00   0:00 
Andrej Sustr             0  0  0   2  0   0  0  2  0  0  0/0    15:52   0:00   0:52 
Brett Connolly           0  0  0  -1  2   1  1  0  0  0  0/2    18:22   5:25   0:00 
Charles Hudon            0  0  0   0  0   0  1  0  0  0  0/0     5:50   0:20   0:00 
Colby Robak              0  0  0   0  0   0  0  0  0  0  0/0     2:54   0:20   0:00 
Jack Skille              0  0  0   0  0   0  4  0  0  0  1/12   13:12   5:25   2:17 
Jake Gardiner            1  0  1  -2  0   1  0  0  0  0  0/0    18:16   5:06   0:00 
Jamie Benn               1  2  3   2  0   8  4  1  0  0  9/22   22:52   4:52   2:23 
Jimmy Hayes              0  0  0  -1  0   0  2  0  0  0  3/12   12:49   0:20   0:00 
Josh Leivo               0  0  0  -1  0   1  0  0  0  0  0/0    12:29   0:00   0:00 
Justin Braun             0  1  1  -2  0   4  0  2  0  0  0/0    19:08   5:06   0:52 
Magnus Paajarvi          0  0  0  -1  0   0  1  0  0  0  0/2    12:58   0:00   0:00 
Matt Duchene             1  1  2  -1  0   5  0  0  0  0  5/11   18:23   5:25   0:00 
Mike Ribeiro             1  0  1   2  0   2  0  0  0  0  0/1    21:01   4:52   0:32 
Nick Cousins             0  0  0  -1  0   1  1  0  0  0  0/0    12:29   0:00   0:00 
Shane Doan               0  0  0   2  0   0  3  0  0  0  4/7    20:55   4:52   0:26 
Tyson Barrie             0  2  2   0  0   4  0  2  0  0  0/0    22:58   5:11   1:57 

Players Stats for VANCOUVER

Player Name              G  A  P  +/- PIM S  H  SB GA TA FO     MP     PP MP  PK MP  
------------------------------------------------------------------------------------
Chris Kunitz             1  0  1   0  2   1  1  0  0  0  0/0    12:05   0:00   3:14 
Daniel Sedin             1  0  1   0  2   3  0  0  0  0  1/2    17:46   1:26   0:00 
Dennis Wideman           0  0  0   1  0   0  0  1  0  0  0/0     9:36   0:00   0:00 
Hampus Lindholm          0  1  1   0  0   2  2  2  0  0  0/0    23:04   1:06   5:23 
Jean-Gabriel Pageau      0  0  0   0  0   6  1  0  0  0  16/22  15:37   0:00   6:45 
Jonathan Huberdeau       0  1  1   0  2   3  0  0  0  0  0/1    17:46   1:26   0:00 
Justin Abdelkader        0  1  1   0  2   1  2  0  0  0  0/0    14:28   0:00   5:37 
Lukas Sedlak             0  0  0   0  0   0  0  0  0  0  0/0     3:23   0:00   0:16 
Mark Arcobello           0  0  0   0  0   0  0  0  0  0  1/3     3:07   0:00   0:00 
Mark Stone               0  0  0   0  0   3  2  0  0  0  0/2    19:37   1:23   0:00 
Matt Irwin               0  0  0   0  0   0  0  0  0  0  0/0     3:09   0:00   0:00 
Michael Stone            0  2  2   1  0   0  1  0  0  0  0/0     9:36   0:00   0:00 
Nazem Kadri              1  0  1   0  2   2  1  0  0  0  20/25  20:24   1:26   2:38 
Nick Schmaltz            0  0  0   0  0   0  0  0  0  0  0/1     3:07   0:00   0:00 
Patrick Kane             0  0  0   0  0   2  1  0  0  0  1/1    19:37   1:23   0:00 
Ryan Ellis               0  0  0  -1  0   2  2  1  0  0  0/0    24:11   1:43   5:14 
T.J. Brodie              0  0  0  -1  0   0  0  7  0  0  0/0    24:11   1:43   5:14 
Travis Hamonic           0  0  0   0  0   1  0  0  0  0  0/0    23:04   1:06   5:23 
Tyler Seguin             0  0  0   0  2   2  1  0  0  0  14/19  22:20   1:23   2:44 
Zbynek Michalek          0  0  0   0  0   0  0  1  0  0  0/0     3:09   0:00   0:00 

3 Stars

1 - Jamie Benn (PHI)
2 - Adam McQuaid (PHI)
3 - Alex Pietrangelo (PHI)

Power Play

PHILADELPHIA - 3 on 6 Attempt(s) - 50.00%
VANCOUVER - 1 on 2 Attempt(s) - 50.00%

Penalty Kill

PHILADELPHIA - 1 on 2 Attempt(s) - 50.00% - Score 0 goal in Penalty Kill
VANCOUVER - 3 on 6 Attempt(s) - 50.00% - Score 0 goal in Penalty Kill

Team Stat

PHILADELPHIA - Hits : 25 - Faceoff Wins : 23 - Blocked Shots : 9 - Penalty Minutes : 4
VANCOUVER - Hits : 14 - Faceoff Wins : 53 - Blocked Shots : 12 - Penalty Minutes : 12

Official

Referees : Unknown
Linesman : Unknown

Game Notes

No Game Note

Finance

Level 1 -- Attendance: 5673 (94.55%) -- Ticket Income $487,878
Level 2 -- Attendance: 5000 (100.00%) -- Ticket Income $280,000
Level 3 -- Attendance: 2000 (100.00%) -- Ticket Income $64,000
Level 4 -- Attendance: 4000 (100.00%) -- Ticket Income $76,000
Luxury Box -- Attendance: 868 (86.80%) -- Ticket Income $157,976
Game was played at the Rogers Arena.
Total Attendance: 17541 (97.45%)
Total Ticket Income: $1,065,854
Total Income: $1,065,854

PHILADELPHIA

5 vs 5 Forward 
   Center                   Left Wing                Right Wing               Time % Phy DF OF 
 1 Jamie Benn               Shane Doan               Mike Ribeiro             35     1   2  2  
 2 Matt Duchene             Brett Connolly           Magnus Paajarvi          30     1   2  2  
 3 Jimmy Hayes              Josh Leivo               Nick Cousins             25     1   2  2  
 4 Adam Erne                Charles Hudon            Jack Skille              10     1   2  2  

5 vs 5 Defense 
   Defense                  Defense                                           Time % Phy DF OF 
 1 Alex Pietrangelo         Tyson Barrie                                      35     1   2  2  
 2 Jake Gardiner            Justin Braun                                      30     1   2  2  
 3 Andrej Sustr             Adam McQuaid                                      25     1   2  2  
 4 Colby Robak              Alex Pietrangelo                                  10     1   2  2  

PowerPlay Forward 
   Center                   Left Wing                Right Wing               Time % Phy DF OF 
 1 Jamie Benn               Shane Doan               Mike Ribeiro             60     1   2  2  
 2 Jack Skille              Matt Duchene             Brett Connolly           40     1   2  2  

PowerPlay Defense
   Defense                  Defense                                           Time % Phy DF OF 
 1 Alex Pietrangelo         Tyson Barrie                                      60     1   2  2  
 2 Justin Braun             Jake Gardiner                                     40     1   2  2  

Penalty Kill 4 Players Forward 
   Center                   Wing                     Time % Phy DF OF 
 1 Jack Skille              Jamie Benn               60     1   2  2  
 2 Shane Doan               Mike Ribeiro             40     1   2  2  

Penalty Kill 4 Players Defense
   Defense                  Defense                  Time % Phy DF OF 
 1 Alex Pietrangelo         Tyson Barrie             60     1   2  2  
 2 Andrej Sustr             Justin Braun             40     1   2  2  

Penalty Kill - 3 Players Forward 
   Forward                                           Time % Phy DF OF 
 1 Jamie Benn                                        60     1   2  2  
 2 Jack Skille                                       40     1   2  2  

Penalty Kill - 3 Players Defense
   Defense                  Defense                  Time % Phy DF OF 
 1 Alex Pietrangelo         Jake Gardiner            60     1   2  2  
 2 Colby Robak              Tyson Barrie             40     1   2  2  

4 vs 4 Forward 
   Center                   Wing                     Time % Phy DF OF 
 1 Jamie Benn               Jack Skille              60     1   2  2  
 2 Mike Ribeiro             Shane Doan               40     1   2  2  

4 vs 4 Defense
   Defense                  Defense                  Time % Phy DF OF 
 1 Alex Pietrangelo         Tyson Barrie             60     1   2  2  
 2 Adam McQuaid             Andrej Sustr             40     1   2  2  

Last Minutes Offensive
   Center                   Left Wing                Right Wing               Defense                  Defense                  
   Jamie Benn               Shane Doan               Mike Ribeiro             Alex Pietrangelo         Tyson Barrie             

Last Minutes Defensive
   Center                   Left Wing                Right Wing               Defense                  Defense                  
   Jamie Benn               Shane Doan               Mike Ribeiro             Alex Pietrangelo         Tyson Barrie             

Goaltenders
Starting : Cory Schneider           
Backup : Kari Lehtonen            

Extra Forwards
Normal : Jamie Benn, Magnus Paajarvi, Jack Skille - PP : Jamie Benn, Jimmy Hayes - PK : Jack Skille
Extra Defensemen
Normal : Alex Pietrangelo, Adam McQuaid, Colby Robak - PP : Alex Pietrangelo - PK : Tyson Barrie, Alex Pietrangelo
Penalty Shots
Magnus Paajarvi, Jamie Benn, Jimmy Hayes, Nick Cousins, Josh Leivo

Scratches
None

VANCOUVER

5 vs 5 Forward 
   Center                   Left Wing                Right Wing               Time % Phy DF OF 
 1 Tyler Seguin             Patrick Kane             Mark Stone               41     1   2  2  
 2 Nazem Kadri              Jonathan Huberdeau       Daniel Sedin             37     1   2  2  
 3 Jean-Gabriel Pageau      Chris Kunitz             Justin Abdelkader        22     1   2  2  
 4 Mark Arcobello           Nick Schmaltz            Lukas Sedlak             0      1   3  1  

5 vs 5 Defense 
   Defense                  Defense                                           Time % Phy DF OF 
 1 Ryan Ellis               T.J. Brodie                                       39     1   2  2  
 2 Hampus Lindholm          Travis Hamonic                                    39     1   2  2  
 3 Michael Stone            Dennis Wideman                                    22     1   3  1  
 4 Matt Irwin               Zbynek Michalek                                   0      1   4  0  

PowerPlay Forward 
   Center                   Left Wing                Right Wing               Time % Phy DF OF 
 1 Tyler Seguin             Patrick Kane             Mark Stone               60     1   1  3  
 2 Nazem Kadri              Jonathan Huberdeau       Daniel Sedin             40     1   1  3  

PowerPlay Defense
   Defense                  Defense                                           Time % Phy DF OF 
 1 T.J. Brodie              Ryan Ellis                                        60     1   1  3  
 2 Hampus Lindholm          Travis Hamonic                                    40     1   1  3  

Penalty Kill 4 Players Forward 
   Center                   Wing                     Time % Phy DF OF 
 1 Jean-Gabriel Pageau      Justin Abdelkader        60     1   3  1  
 2 Nazem Kadri              Chris Kunitz             40     1   3  1  

Penalty Kill 4 Players Defense
   Defense                  Defense                  Time % Phy DF OF 
 1 Ryan Ellis               T.J. Brodie              50     1   3  1  
 2 Hampus Lindholm          Travis Hamonic           50     1   3  1  

Penalty Kill - 3 Players Forward 
   Forward                                           Time % Phy DF OF 
 1 Jean-Gabriel Pageau                               60     1   3  1  
 2 Nazem Kadri                                       40     1   3  1  

Penalty Kill - 3 Players Defense
   Defense                  Defense                  Time % Phy DF OF 
 1 Ryan Ellis               T.J. Brodie              60     1   4  0  
 2 Hampus Lindholm          Travis Hamonic           40     1   4  0  

4 vs 4 Forward 
   Center                   Wing                     Time % Phy DF OF 
 1 Tyler Seguin             Patrick Kane             60     1   2  2  
 2 Nazem Kadri              Jonathan Huberdeau       40     1   2  2  

4 vs 4 Defense
   Defense                  Defense                  Time % Phy DF OF 
 1 Ryan Ellis               Hampus Lindholm          60     1   2  2  
 2 T.J. Brodie              Travis Hamonic           40     1   2  2  

Last Minutes Offensive
   Center                   Left Wing                Right Wing               Defense                  Defense                  
   Jean-Gabriel Pageau      Patrick Kane             Tyler Seguin             Jonathan Huberdeau       Nazem Kadri              

Last Minutes Defensive
   Center                   Left Wing                Right Wing               Defense                  Defense                  
   Jean-Gabriel Pageau      Nazem Kadri              Justin Abdelkader        Ryan Ellis               Hampus Lindholm          

Goaltenders
Starting : Casey DeSmith            
Backup : Martin Jones             

Extra Forwards
Normal : Nazem Kadri, Tyler Seguin, Patrick Kane - PP : Nazem Kadri, Patrick Kane - PK : Tyler Seguin
Extra Defensemen
Normal : Hampus Lindholm, Ryan Ellis, T.J. Brodie - PP : Michael Stone - PK : Hampus Lindholm, Ryan Ellis
Penalty Shots
Tyler Seguin, Patrick Kane, Jonathan Huberdeau, Nazem Kadri, Mark Stone

Scratches
None


% Time on Ice - PHILADELPHIA

Lines # - Real PCT - Wanted PCT - Time Play
Normal Forward
1 - 34% - 35% - 15:37
2 - 28% - 30% - 12:58
3 - 27% - 25% - 12:29
4 - 12% - 10% - 5:30
Normal Defense
1 - 34% - 35% - 15:50
2 - 28% - 30% - 13:10
3 - 32% - 25% - 15:00
4 - 6% - 10% - 2:34
PP Forward
1 - 49% - 60% - 5:12
2 - 51% - 40% - 5:25
PP Defense
1 - 52% - 60% - 5:31
2 - 48% - 40% - 5:06
PK Forward
1 - 85% - 60% - 2:23
2 - 15% - 40% - 0:26
PK Defense
1 - 69% - 60% - 1:57
2 - 31% - 40% - 0:52
PK3 Forward
1 - 0% - 60%
2 - 0% - 40%
PK3 Defense
1 - 0% - 60%
2 - 0% - 40%
44 Forward
1 - 0% - 60%
2 - 0% - 40%
44 Defense
1 - 0% - 60%
2 - 0% - 40%
Last Minute Offensive  - 0:00
Last Minute Defensive  - 0:00
Total
Forward - 60:00
Defense - 60:00

% Time on Ice - VANCOUVER

Lines # - Real PCT - Wanted PCT - Time Play
Normal Forward
1 - 39% - 41% - 18:14
2 - 35% - 37% - 16:21
3 - 19% - 22% - 8:52
4 - 7% - 0% - 3:07
Normal Defense
1 - 37% - 39% - 17:14
2 - 36% - 39% - 16:35
3 - 21% - 22% - 9:36
4 - 7% - 0% - 3:09
PP Forward
1 - 49% - 60% - 1:23
2 - 51% - 40% - 1:26
PP Defense
1 - 61% - 60% - 1:43
2 - 39% - 40% - 1:06
PK Forward
1 - 68% - 60% - 7:13
2 - 32% - 40% - 3:24
PK Defense
1 - 49% - 50% - 5:14
2 - 51% - 50% - 5:23
PK3 Forward
1 - 0% - 60%
2 - 0% - 40%
PK3 Defense
1 - 0% - 60%
2 - 0% - 40%
44 Forward
1 - 0% - 60%
2 - 0% - 40%
44 Defense
1 - 0% - 60%
2 - 0% - 40%
Last Minute Offensive  - 0:00
Last Minute Defensive  - 0:00
Total
Forward - 60:00
Defense - 60:00

Play by Play

1st period


0:01 of 1st period - Jamie Benn wins face-off versus Tyler Seguin in neutral zone.
0:43 of 1st period - Patrick Kane is hit by Alex Pietrangelo and loses puck.
1:37 of 1st period - Icing by Travis Hamonic.
1:38 of 1st period - Matt Duchene wins face-off versus Nazem Kadri in VANCOUVER zone.
1:56 of 1st period - Minor Penalty to Daniel Sedin for Hooking.
1:57 of 1st period - Jack Skille wins face-off versus Jean-Gabriel Pageau in VANCOUVER zone.
2:09 of 1st period - Matt Duchene is hit by Ryan Ellis and loses puck.
2:24 of 1st period - Shot by Matt Duchene.
2:24 of 1st period - Shot Misses the Net.
2:26 of 1st period - Shot by Justin Braun.
2:26 of 1st period - Stopped by Casey DeSmith without a rebound.
2:27 of 1st period - Nazem Kadri wins face-off versus Jack Skille in VANCOUVER zone.
3:27 of 1st period - Shot by Jamie Benn.
3:27 of 1st period - Shot Misses the Net.
3:29 of 1st period - Shot by Jamie Benn.
3:29 of 1st period - Shot Misses the Net.
3:31 of 1st period - Shot by Justin Braun.
3:31 of 1st period - Shot Blocked by T.J. Brodie.
4:22 of 1st period - Icing by Michael Stone.
4:23 of 1st period - Tyler Seguin wins face-off versus Adam Erne in VANCOUVER zone.
4:23 of 1st period - Tyler Seguin is hit by Adam Erne.
4:26 of 1st period - Patrick Kane is hit by Adam Erne and loses puck.
4:41 of 1st period - Shot by Patrick Kane.
4:41 of 1st period - Shot Misses the Net.
4:43 of 1st period - Shot by Mark Stone.
4:43 of 1st period - Stopped by Cory Schneider with a rebound.
5:07 of 1st period - Off-side.
5:08 of 1st period - Nazem Kadri wins face-off versus Jamie Benn in neutral zone.
5:39 of 1st period - Shot by Shane Doan.
5:39 of 1st period - Shot Misses the Net.
6:11 of 1st period - Shot by Justin Abdelkader.
6:11 of 1st period - Shot Blocked by Adam McQuaid.
6:13 of 1st period - Shot by Jean-Gabriel Pageau.
6:13 of 1st period - Stopped by Cory Schneider with a rebound.
6:25 of 1st period - Shot by Jean-Gabriel Pageau.
6:25 of 1st period - Stopped by Cory Schneider with a rebound.
6:35 of 1st period - Shot by Jean-Gabriel Pageau.
6:35 of 1st period - Shot Blocked by Andrej Sustr.
6:37 of 1st period - Shot by Jean-Gabriel Pageau.
6:37 of 1st period - Shot Misses the Net.
7:11 of 1st period - Shot by Patrick Kane.
7:11 of 1st period - Shot Misses the Net.
7:19 of 1st period - Shot by Tyson Barrie.
7:19 of 1st period - Shot Blocked by Dennis Wideman.
8:11 of 1st period - Shot by Jamie Benn.
8:11 of 1st period - Stopped by Casey DeSmith without a rebound.
8:12 of 1st period - Adam Erne wins face-off versus Nazem Kadri in VANCOUVER zone.
8:22 of 1st period - Minor Penalty to Alex Pietrangelo for Slashing.
8:23 of 1st period - Nazem Kadri wins face-off versus Jack Skille in PHILADELPHIA zone.
8:34 of 1st period - Shot by Ryan Ellis.
8:34 of 1st period - Shot Misses the Net.
8:36 of 1st period - Shot by Nazem Kadri.
8:36 of 1st period - Shot Blocked by Andrej Sustr.
8:38 of 1st period - Shot by Ryan Ellis.
8:38 of 1st period - Stopped by Cory Schneider with a rebound.
8:40 of 1st period - Shot by Ryan Ellis.
8:40 of 1st period - Shot Blocked by Justin Braun.
8:42 of 1st period - Shot by Ryan Ellis.
8:42 of 1st period - Stopped by Cory Schneider without a rebound.
8:43 of 1st period - Nazem Kadri wins face-off versus Jack Skille in PHILADELPHIA zone.
9:10 of 1st period - Shot by Hampus Lindholm.
9:10 of 1st period - Shot Misses the Net.
9:12 of 1st period - Shot by Daniel Sedin.
9:12 of 1st period - Goal by Daniel Sedin - PHILADELPHIA : 0 - VANCOUVER : 1.
9:13 of 1st period - Jean-Gabriel Pageau wins face-off versus Magnus Paajarvi in neutral zone.
9:42 of 1st period - Minor Penalty to Chris Kunitz for Tripping.
9:43 of 1st period - Jean-Gabriel Pageau wins face-off versus Jamie Benn in VANCOUVER zone.
9:53 of 1st period - Icing by Tyson Barrie.
9:54 of 1st period - Jamie Benn wins face-off versus Jean-Gabriel Pageau in PHILADELPHIA zone.
9:54 of 1st period - Jamie Benn is hit by Justin Abdelkader.
10:24 of 1st period - Shot by Jamie Benn.
10:24 of 1st period - Stopped by Casey DeSmith without a rebound.
10:25 of 1st period - Jean-Gabriel Pageau wins face-off versus Jack Skille in VANCOUVER zone.
10:25 of 1st period - Jean-Gabriel Pageau is hit by Jack Skille.
10:37 of 1st period - Shot by Justin Braun.
10:37 of 1st period - Stopped by Casey DeSmith with a rebound.
11:03 of 1st period - Shot by Matt Duchene.
11:03 of 1st period - Shot Misses the Net.
11:05 of 1st period - Shot by Justin Braun.
11:05 of 1st period - Stopped by Casey DeSmith without a rebound.
11:06 of 1st period - Jean-Gabriel Pageau wins face-off versus Jamie Benn in VANCOUVER zone.
11:21 of 1st period - Shot by Tyson Barrie.
11:21 of 1st period - Shot Blocked by Hampus Lindholm.
11:23 of 1st period - Shot by Tyson Barrie.
11:23 of 1st period - Stopped by Casey DeSmith without a rebound.
11:24 of 1st period - Nazem Kadri wins face-off versus Jamie Benn in VANCOUVER zone.
11:55 of 1st period - Shot by Josh Leivo.
11:55 of 1st period - Deflect By Nick Cousins.
11:55 of 1st period - Stopped by Casey DeSmith without a rebound.
11:56 of 1st period - Matt Duchene wins face-off versus Tyler Seguin in VANCOUVER zone.
12:33 of 1st period - Shot by Matt Duchene.
12:33 of 1st period - Shot Hit the Post.
12:59 of 1st period - Shot by Jimmy Hayes.
12:59 of 1st period - Shot Misses the Net.
13:01 of 1st period - Shot by Tyson Barrie.
13:01 of 1st period - Shot Misses the Net.
13:11 of 1st period - Shot by Josh Leivo.
13:11 of 1st period - Stopped by Casey DeSmith without a rebound.
13:12 of 1st period - Nazem Kadri wins face-off versus Jamie Benn in VANCOUVER zone.
13:44 of 1st period - Jamie Benn is hit by Hampus Lindholm and loses puck.
14:13 of 1st period - Shot by Jean-Gabriel Pageau.
14:13 of 1st period - Shot Misses the Net.
14:51 of 1st period - Off-side.
14:52 of 1st period - Jimmy Hayes wins face-off versus Nick Schmaltz in neutral zone.
15:52 of 1st period - Shot by Matt Duchene.
15:52 of 1st period - Shot Blocked by Zbynek Michalek.
16:19 of 1st period - Icing by Magnus Paajarvi.
16:20 of 1st period - Nazem Kadri wins face-off versus Magnus Paajarvi in PHILADELPHIA zone.
16:49 of 1st period - Shot by Jamie Benn.
16:49 of 1st period - Shot Misses the Net.
16:51 of 1st period - Shot by Alex Pietrangelo.
16:51 of 1st period - Stopped by Casey DeSmith without a rebound.
16:52 of 1st period - Jean-Gabriel Pageau wins face-off versus Jack Skille in VANCOUVER zone.
17:09 of 1st period - Shot by Justin Abdelkader.
17:09 of 1st period - Shot Misses the Net.
17:15 of 1st period - Shot by Jean-Gabriel Pageau.
17:15 of 1st period - Stopped by Cory Schneider without a rebound.
17:16 of 1st period - Jamie Benn wins face-off versus Mark Stone in PHILADELPHIA zone.
17:16 of 1st period - Jamie Benn is hit by Mark Stone.
19:02 of 1st period - Shot by Matt Duchene.
19:02 of 1st period - Shot Misses the Net.
19:15 of 1st period - Nazem Kadri is hit by Jimmy Hayes and loses puck.
19:22 of 1st period - Shot by Josh Leivo.
19:22 of 1st period - Shot Blocked by T.J. Brodie.
19:24 of 1st period - Shot by Adam McQuaid.
19:24 of 1st period - Shot Misses the Net.
19:26 of 1st period - Shot by Andrej Sustr.
19:26 of 1st period - Shot Misses the Net.
19:28 of 1st period - Shot by Adam McQuaid.
19:28 of 1st period - Shot Blocked by T.J. Brodie.
19:30 of 1st period - Shot by Andrej Sustr.
19:30 of 1st period - Deflect By Josh Leivo.
19:30 of 1st period - Shot Blocked by T.J. Brodie.
Goals for this period are 0 for PHILADELPHIA vs 1 for VANCOUVER.
Shots for this period are 9 for PHILADELPHIA vs 7 for VANCOUVER.

2nd period


0:01 of 2nd period - Tyler Seguin wins face-off versus Shane Doan in neutral zone.
0:12 of 2nd period - Shot by Mark Stone.
0:12 of 2nd period - Shot Misses the Net.
0:14 of 2nd period - Shot by Patrick Kane.
0:14 of 2nd period - Shot Misses the Net.
0:22 of 2nd period - Shot by Patrick Kane.
0:22 of 2nd period - Shot Blocked by Tyson Barrie.
0:26 of 2nd period - Shot by Tyler Seguin.
0:26 of 2nd period - Stopped by Cory Schneider without a rebound.
0:27 of 2nd period - Nazem Kadri wins face-off versus Matt Duchene in PHILADELPHIA zone.
0:46 of 2nd period - Shot by Nazem Kadri.
0:46 of 2nd period - Goal by Nazem Kadri - PHILADELPHIA : 0 - VANCOUVER : 2.
0:47 of 2nd period - Shane Doan wins face-off versus Jean-Gabriel Pageau in neutral zone.
0:56 of 2nd period - Shot by Justin Abdelkader.
0:56 of 2nd period - Shot Misses the Net.
0:58 of 2nd period - Shot by Chris Kunitz.
0:58 of 2nd period - Deflect By Justin Abdelkader.
0:58 of 2nd period - Shot Misses the Net.
1:00 of 2nd period - Shot by Travis Hamonic.
1:00 of 2nd period - Shot Misses the Net.
1:02 of 2nd period - Shot by Travis Hamonic.
1:02 of 2nd period - Stopped by Cory Schneider with a rebound.
1:04 of 2nd period - Shot by Chris Kunitz.
1:04 of 2nd period - Deflect By Jean-Gabriel Pageau.
1:04 of 2nd period - Shot Blocked by Jamie Benn.
1:37 of 2nd period - Minor Penalty to Nazem Kadri for Interference.
1:38 of 2nd period - Jean-Gabriel Pageau wins face-off versus Brett Connolly in VANCOUVER zone.
1:57 of 2nd period - Shot by Justin Braun.
1:57 of 2nd period - Shot Blocked by T.J. Brodie.
1:59 of 2nd period - Shot by Justin Braun.
1:59 of 2nd period - Shot Misses the Net.
2:05 of 2nd period - Shot by Matt Duchene.
2:05 of 2nd period - Stopped by Casey DeSmith without a rebound.
2:06 of 2nd period - Jean-Gabriel Pageau wins face-off versus Jamie Benn in VANCOUVER zone.
2:25 of 2nd period - Shot by Jamie Benn.
2:25 of 2nd period - Stopped by Casey DeSmith without a rebound.
2:26 of 2nd period - Tyler Seguin wins face-off versus Jack Skille in VANCOUVER zone.
2:31 of 2nd period - Justin Braun is hit by Hampus Lindholm and loses puck.
2:57 of 2nd period - Shot by Jake Gardiner.
2:57 of 2nd period - Shot Misses the Net.
2:59 of 2nd period - Shot by Justin Braun.
2:59 of 2nd period - Stopped by Casey DeSmith with a rebound.
3:01 of 2nd period - Shot by Jake Gardiner.
3:01 of 2nd period - Shot Blocked by Ryan Ellis.
3:27 of 2nd period - Shot by Alex Pietrangelo.
3:27 of 2nd period - Shot Misses the Net.
3:29 of 2nd period - Shot by Alex Pietrangelo.
3:29 of 2nd period - Stopped by Casey DeSmith without a rebound.
3:30 of 2nd period - Jean-Gabriel Pageau wins face-off versus Jamie Benn in VANCOUVER zone.
3:50 of 2nd period - Off-side.
3:51 of 2nd period - Tyler Seguin wins face-off versus Brett Connolly in neutral zone.
3:55 of 2nd period - Icing by Colby Robak.
3:56 of 2nd period - Tyler Seguin wins face-off versus Matt Duchene in PHILADELPHIA zone.
4:15 of 2nd period - Shot by Tyler Seguin.
4:15 of 2nd period - Stopped by Cory Schneider with a rebound.
4:28 of 2nd period - Off-side.
4:29 of 2nd period - Nazem Kadri wins face-off versus Jimmy Hayes in neutral zone.
4:45 of 2nd period - Icing by Nazem Kadri.
4:46 of 2nd period - Nazem Kadri wins face-off versus Jamie Benn in VANCOUVER zone.
5:13 of 2nd period - Shot by Jamie Benn.
5:13 of 2nd period - Goal by Jamie Benn - PHILADELPHIA : 1 - VANCOUVER : 2.
5:14 of 2nd period - Tyler Seguin wins face-off versus Jimmy Hayes in neutral zone.
5:40 of 2nd period - Patrick Kane is hit by Alex Pietrangelo and loses puck.
7:22 of 2nd period - Shot by Shane Doan.
7:22 of 2nd period - Deflect By Jamie Benn.
7:22 of 2nd period - Stopped by Casey DeSmith without a rebound.
7:23 of 2nd period - Mark Arcobello wins face-off versus Adam Erne in VANCOUVER zone.
7:23 of 2nd period - Mark Arcobello is hit by Charles Hudon.
9:04 of 2nd period - Icing by Andrej Sustr.
9:05 of 2nd period - Nazem Kadri wins face-off versus Shane Doan in PHILADELPHIA zone.
9:10 of 2nd period - Shot by Jonathan Huberdeau.
9:10 of 2nd period - Stopped by Cory Schneider with a rebound.
9:40 of 2nd period - Shot by Andrej Sustr.
9:40 of 2nd period - Shot Blocked by T.J. Brodie.
9:42 of 2nd period - Shot by Shane Doan.
9:42 of 2nd period - Shot Misses the Net.
9:52 of 2nd period - Jonathan Huberdeau is hit by Shane Doan and loses puck.
10:07 of 2nd period - Shot by Matt Duchene.
10:07 of 2nd period - Stopped by Casey DeSmith without a rebound.
10:08 of 2nd period - Jean-Gabriel Pageau wins face-off versus Adam Erne in VANCOUVER zone.
10:32 of 2nd period - Icing by Tyson Barrie.
10:33 of 2nd period - Tyler Seguin wins face-off versus Adam Erne in PHILADELPHIA zone.
10:40 of 2nd period - Tyson Barrie is hit by Mark Stone and loses puck.
10:47 of 2nd period - Patrick Kane is hit by Jack Skille and loses puck.
11:37 of 2nd period - Shot by Jean-Gabriel Pageau.
11:37 of 2nd period - Stopped by Cory Schneider without a rebound.
11:38 of 2nd period - Jamie Benn wins face-off versus Nazem Kadri in PHILADELPHIA zone.
12:05 of 2nd period - Ryan Ellis is hit by Jamie Benn and loses puck.
12:19 of 2nd period - Icing by Jamie Benn.
12:20 of 2nd period - Jamie Benn wins face-off versus Jean-Gabriel Pageau in PHILADELPHIA zone.
12:20 of 2nd period - Jamie Benn is hit by Jean-Gabriel Pageau.
12:26 of 2nd period - Dennis Wideman is hit by Jamie Benn and loses puck.
12:36 of 2nd period - Minor Penalty to Justin Abdelkader for Roughing.
12:37 of 2nd period - Jean-Gabriel Pageau wins face-off versus Jack Skille in VANCOUVER zone.
12:49 of 2nd period - Shot by Tyson Barrie.
12:49 of 2nd period - Stopped by Casey DeSmith without a rebound.
12:50 of 2nd period - Jean-Gabriel Pageau wins face-off versus Jack Skille in VANCOUVER zone.
12:50 of 2nd period - Jean-Gabriel Pageau is hit by Brett Connolly.
13:12 of 2nd period - Shot by Tyson Barrie.
13:12 of 2nd period - Stopped by Casey DeSmith with a rebound.
13:18 of 2nd period - Shot by Alex Pietrangelo.
13:18 of 2nd period - Shot Misses the Net.
13:38 of 2nd period - Hampus Lindholm is hit by Jamie Benn.
13:44 of 2nd period - Shot by Jamie Benn.
13:44 of 2nd period - Deflect By Mike Ribeiro.
13:44 of 2nd period - Stopped by Casey DeSmith without a rebound.
13:45 of 2nd period - Nazem Kadri wins face-off versus Jamie Benn in VANCOUVER zone.
14:00 of 2nd period - Shot by Jake Gardiner.
14:00 of 2nd period - Shot Misses the Net.
14:02 of 2nd period - Shot by Justin Braun.
14:02 of 2nd period - Shot Misses the Net.
14:04 of 2nd period - Shot by Jake Gardiner.
14:04 of 2nd period - Goal by Jake Gardiner - PHILADELPHIA : 2 - VANCOUVER : 2.
14:05 of 2nd period - Nazem Kadri wins face-off versus Jimmy Hayes in neutral zone.
14:10 of 2nd period - Shot by Jonathan Huberdeau.
14:10 of 2nd period - Shot Blocked by Adam McQuaid.
14:12 of 2nd period - Shot by Nazem Kadri.
14:12 of 2nd period - Shot Misses the Net.
14:21 of 2nd period - Daniel Sedin is hit by Adam McQuaid and loses puck.
14:43 of 2nd period - Adam McQuaid is hit by Nazem Kadri and loses puck.
16:10 of 2nd period - Mark Stone is hit by Magnus Paajarvi and loses puck.
16:36 of 2nd period - Icing by Hampus Lindholm.
16:37 of 2nd period - Tyler Seguin wins face-off versus Adam Erne in VANCOUVER zone.
16:51 of 2nd period - Mark Stone is hit by Jack Skille and loses puck.
17:00 of 2nd period - Travis Hamonic is hit by Jack Skille and loses puck.
17:04 of 2nd period - Off-side.
17:05 of 2nd period - Daniel Sedin wins face-off versus Jamie Benn in neutral zone.
17:05 of 2nd period - Daniel Sedin is hit by Shane Doan.
17:10 of 2nd period - Nazem Kadri is hit by Alex Pietrangelo.
18:10 of 2nd period - Off-side.
18:11 of 2nd period - Matt Duchene wins face-off versus Mark Arcobello in neutral zone.
18:37 of 2nd period - Shot by Brett Connolly.
18:37 of 2nd period - Deflect By Matt Duchene.
18:37 of 2nd period - Stopped by Casey DeSmith with a rebound.
18:51 of 2nd period - Shot by Matt Duchene.
18:51 of 2nd period - Shot Misses the Net.
19:57 of 2nd period - Mike Ribeiro is hit by Chris Kunitz and loses puck.
Goals for this period are 2 for PHILADELPHIA vs 1 for VANCOUVER.
Shots for this period are 12 for PHILADELPHIA vs 6 for VANCOUVER.

3rd period


0:01 of 3rd period - Matt Duchene wins face-off versus Tyler Seguin in neutral zone.
0:44 of 3rd period - Magnus Paajarvi is hit by Patrick Kane and loses puck.
1:09 of 3rd period - Shot by Jonathan Huberdeau.
1:09 of 3rd period - Stopped by Cory Schneider without a rebound.
1:10 of 3rd period - Jean-Gabriel Pageau wins face-off versus Jimmy Hayes in PHILADELPHIA zone.
1:29 of 3rd period - Shot by Jean-Gabriel Pageau.
1:29 of 3rd period - Stopped by Cory Schneider with a rebound.
1:35 of 3rd period - Shot by Chris Kunitz.
1:35 of 3rd period - Goal by Chris Kunitz - PHILADELPHIA : 2 - VANCOUVER : 3.
1:36 of 3rd period - Shane Doan wins face-off versus Nazem Kadri in neutral zone.
1:43 of 3rd period - Shot by Jamie Benn.
1:43 of 3rd period - Shot Misses the Net.
2:06 of 3rd period - Nazem Kadri is hit by Adam McQuaid.
2:23 of 3rd period - Icing by Jamie Benn.
2:24 of 3rd period - Tyler Seguin wins face-off versus Jamie Benn in PHILADELPHIA zone.
2:39 of 3rd period - Minor Penalty to Tyler Seguin for Hooking.
2:40 of 3rd period - Jean-Gabriel Pageau wins face-off versus Jack Skille in VANCOUVER zone.
2:51 of 3rd period - Shot by Tyson Barrie.
2:51 of 3rd period - Shot Misses the Net.
2:53 of 3rd period - Shot by Matt Duchene.
2:53 of 3rd period - Stopped by Casey DeSmith with a rebound.
2:55 of 3rd period - Shot by Alex Pietrangelo.
2:55 of 3rd period - Shot Blocked by Hampus Lindholm.
3:12 of 3rd period - Shot by Alex Pietrangelo.
3:12 of 3rd period - Shot Misses the Net.
3:14 of 3rd period - Shot by Alex Pietrangelo.
3:14 of 3rd period - Stopped by Casey DeSmith without a rebound.
3:15 of 3rd period - Jean-Gabriel Pageau wins face-off versus Jamie Benn in VANCOUVER zone.
3:15 of 3rd period - Jean-Gabriel Pageau is hit by Jamie Benn.
4:22 of 3rd period - Shot by Alex Pietrangelo.
4:22 of 3rd period - Goal by Alex Pietrangelo - PHILADELPHIA : 3 - VANCOUVER : 3.
4:23 of 3rd period - Jimmy Hayes wins face-off versus Mark Stone in neutral zone.
4:40 of 3rd period - Shot by Mark Stone.
4:40 of 3rd period - Stopped by Cory Schneider with a rebound.
4:48 of 3rd period - Shot by Adam McQuaid.
4:48 of 3rd period - Stopped by Casey DeSmith without a rebound.
4:49 of 3rd period - Nazem Kadri wins face-off versus Matt Duchene in VANCOUVER zone.
5:34 of 3rd period - Shot by Jamie Benn.
5:34 of 3rd period - Stopped by Casey DeSmith with a rebound.
5:36 of 3rd period - Shot by Jamie Benn.
5:36 of 3rd period - Shot Blocked by T.J. Brodie.
5:38 of 3rd period - Shot by Tyson Barrie.
5:38 of 3rd period - Stopped by Casey DeSmith without a rebound.
5:39 of 3rd period - Tyler Seguin wins face-off versus Jimmy Hayes in VANCOUVER zone.
5:52 of 3rd period - Shot by Hampus Lindholm.
5:52 of 3rd period - Shot Misses the Net.
5:54 of 3rd period - Shot by Patrick Kane.
5:54 of 3rd period - Stopped by Cory Schneider without a rebound.
5:55 of 3rd period - Jamie Benn wins face-off versus Jean-Gabriel Pageau in PHILADELPHIA zone.
6:10 of 3rd period - Shane Doan is hit by Michael Stone and loses puck.
6:31 of 3rd period - Shot by Jamie Benn.
6:31 of 3rd period - Shot Misses the Net.
6:33 of 3rd period - Shot by Adam McQuaid.
6:33 of 3rd period - Stopped by Casey DeSmith with a rebound.
8:09 of 3rd period - Shot by Nazem Kadri.
8:09 of 3rd period - Stopped by Cory Schneider without a rebound.
8:10 of 3rd period - Jamie Benn wins face-off versus Mark Arcobello in PHILADELPHIA zone.
8:45 of 3rd period - Shot by Jamie Benn.
8:45 of 3rd period - Stopped by Casey DeSmith without a rebound.
8:46 of 3rd period - Nazem Kadri wins face-off versus Matt Duchene in VANCOUVER zone.
9:07 of 3rd period - Shot by Jonathan Huberdeau.
9:07 of 3rd period - Stopped by Cory Schneider without a rebound.
9:08 of 3rd period - Tyler Seguin wins face-off versus Adam Erne in PHILADELPHIA zone.
9:36 of 3rd period - Off-side.
9:37 of 3rd period - Nazem Kadri wins face-off versus Matt Duchene in neutral zone.
9:40 of 3rd period - Minor Penalty to Jonathan Huberdeau for Elbowing.
9:41 of 3rd period - Jamie Benn wins face-off versus Jean-Gabriel Pageau in VANCOUVER zone.
10:11 of 3rd period - Icing by Justin Braun.
10:12 of 3rd period - Jean-Gabriel Pageau wins face-off versus Jamie Benn in PHILADELPHIA zone.
10:33 of 3rd period - Jean-Gabriel Pageau is hit by Shane Doan.
11:07 of 3rd period - Shot by Matt Duchene.
11:07 of 3rd period - Shot Misses the Net.
11:09 of 3rd period - Shot by Matt Duchene.
11:09 of 3rd period - Goal by Matt Duchene - PHILADELPHIA : 4 - VANCOUVER : 3.
11:10 of 3rd period - Tyler Seguin wins face-off versus Jimmy Hayes in neutral zone.
11:17 of 3rd period - Shot by Patrick Kane.
11:17 of 3rd period - Shot Misses the Net.
11:20 of 3rd period - Icing by Andrej Sustr.
11:21 of 3rd period - Nazem Kadri wins face-off versus Jimmy Hayes in PHILADELPHIA zone.
11:46 of 3rd period - Shot by Nazem Kadri.
11:46 of 3rd period - Shot Misses the Net.
12:03 of 3rd period - Minor Penalty to Brett Connolly for High sticking.
12:04 of 3rd period - Tyler Seguin wins face-off versus Jack Skille in PHILADELPHIA zone.
12:49 of 3rd period - Mark Stone is hit by Alex Pietrangelo and loses puck.
13:02 of 3rd period - Shot by Hampus Lindholm.
13:02 of 3rd period - Stopped by Cory Schneider with a rebound.
13:04 of 3rd period - Shot by Nazem Kadri.
13:04 of 3rd period - Deflect By Jonathan Huberdeau.
13:04 of 3rd period - Shot Misses the Net.
13:06 of 3rd period - Shot by Daniel Sedin.
13:06 of 3rd period - Stopped by Cory Schneider without a rebound.
13:07 of 3rd period - Shane Doan wins face-off versus Jonathan Huberdeau in PHILADELPHIA zone.
13:28 of 3rd period - Shot by Jonathan Huberdeau.
13:28 of 3rd period - Shot Blocked by Justin Braun.
13:30 of 3rd period - Shot by Hampus Lindholm.
13:30 of 3rd period - Stopped by Cory Schneider without a rebound.
13:31 of 3rd period - Tyler Seguin wins face-off versus Mike Ribeiro in PHILADELPHIA zone.
13:34 of 3rd period - Shot by Ryan Ellis.
13:34 of 3rd period - Shot Misses the Net.
13:36 of 3rd period - Shot by Mark Stone.
13:36 of 3rd period - Stopped by Cory Schneider without a rebound.
13:37 of 3rd period - Patrick Kane wins face-off versus Jack Skille in PHILADELPHIA zone.
13:44 of 3rd period - Shot by Ryan Ellis.
13:44 of 3rd period - Shot Blocked by Tyson Barrie.
13:46 of 3rd period - Shot by Tyler Seguin.
13:46 of 3rd period - Deflect By Mark Stone.
13:46 of 3rd period - Shot Misses the Net.
13:48 of 3rd period - Shot by Patrick Kane.
13:48 of 3rd period - Shot Misses the Net.
14:00 of 3rd period - Shot by Patrick Kane.
14:00 of 3rd period - Stopped by Cory Schneider without a rebound.
14:01 of 3rd period - Shane Doan wins face-off versus Nazem Kadri in PHILADELPHIA zone.
14:17 of 3rd period - Shot by Jean-Gabriel Pageau.
14:17 of 3rd period - Stopped by Cory Schneider with a rebound.
14:19 of 3rd period - Shot by Jean-Gabriel Pageau.
14:19 of 3rd period - Shot Misses the Net.
14:21 of 3rd period - Shot by Jean-Gabriel Pageau.
14:21 of 3rd period - Shot Misses the Net.
14:23 of 3rd period - Shot by Justin Abdelkader.
14:23 of 3rd period - Stopped by Cory Schneider without a rebound.
14:24 of 3rd period - Nazem Kadri wins face-off versus Jimmy Hayes in PHILADELPHIA zone.
14:55 of 3rd period - Shot by Daniel Sedin.
14:55 of 3rd period - Stopped by Cory Schneider without a rebound.
14:56 of 3rd period - Matt Duchene wins face-off versus Tyler Seguin in PHILADELPHIA zone.
15:23 of 3rd period - Shot by Tyler Seguin.
15:23 of 3rd period - Shot Misses the Net.
16:00 of 3rd period - Shot by Jamie Benn.
16:00 of 3rd period - Stopped by Casey DeSmith without a rebound.
16:01 of 3rd period - Jimmy Hayes wins face-off versus Daniel Sedin in VANCOUVER zone.
16:09 of 3rd period - Icing by Nazem Kadri.
16:10 of 3rd period - Nazem Kadri wins face-off versus Shane Doan in VANCOUVER zone.
16:34 of 3rd period - Icing by Jonathan Huberdeau.
16:35 of 3rd period - Nazem Kadri wins face-off versus Jimmy Hayes in VANCOUVER zone.
16:35 of 3rd period - Nazem Kadri is hit by Jimmy Hayes.
16:49 of 3rd period - Daniel Sedin is hit by Nick Cousins and loses puck.
17:32 of 3rd period - Alex Pietrangelo is hit by Tyler Seguin and loses puck.
17:54 of 3rd period - Shot by Brett Connolly.
17:54 of 3rd period - Stopped by Casey DeSmith without a rebound.
17:55 of 3rd period - Jean-Gabriel Pageau wins face-off versus Matt Duchene in VANCOUVER zone.
18:10 of 3rd period - Jake Gardiner is hit by Justin Abdelkader and loses puck.
18:52 of 3rd period - Shot by Jamie Benn.
18:52 of 3rd period - Shot Misses the Net.
18:54 of 3rd period - Shot by Mike Ribeiro.
18:54 of 3rd period - Goal by Mike Ribeiro - PHILADELPHIA : 5 - VANCOUVER : 3.
18:55 of 3rd period - Jamie Benn wins face-off versus Tyler Seguin in neutral zone.
18:57 of 3rd period - Adam McQuaid is hit by Ryan Ellis and loses puck.
Goals for this period are 3 for PHILADELPHIA vs 1 for VANCOUVER.
Shots for this period are 12 for PHILADELPHIA vs 15 for VANCOUVER.